 Dungeon Crawl Stone Soup version 0.30-a0-726-gd89dcf765f (webtiles) character file.

Game seed: 778355635085217922

681 ASSMAN the Ruffian (level 7, -1/65 HPs)
             Began as an Armataur Berserker on Jan 29, 2023.
             Was a Priest of Trog.
             Slain by a human zombie (6 damage)
             ... in an ossuary.
             The game lasted 00:04:00 (3838 turns).

ASSMAN the Ruffian (Armataur Berserker)             Turns: 3838, Time: 00:04:00

Health: -1/65      AC:  5    Str: 30    XL:     7   Next: 34%
Magic:  7/7        EV:  9    Int:  7    God:    Trog [***...]
Gold:   244        SH:  0    Dex: 10    Spells: 6/6 levels left

rFire   . . .      SeeInvis .      - Unarmed
rCold   . . .      Faith    .    (no shield)
rNeg    . . .      Spirit   .    a - +0 animal skin
rPois   .          Reflect  .    (no helmet)
rElec   .          Harm     .    y - +0 cloak
rCorr   .          Roll     +    (no gloves)
Will    ++...                    (no barding)
Stlth   +                        (no amulet)
HPRegen 1.30/turn                m - +6 ring of strength
MPRegen 0.10/turn                (no ring)

@: strong-willed, on berserk cooldown, attractive, regenerating, slowed, very
slow
A: large, rugged brown scales 3, deformed body, armoured tail, roll, long
tongue, awkward tongue
a: Renounce Religion, Berserk, Trog's Hand


You were in an ossuary.
You worshipped Trog.
Trog was most pleased with you.
You visited 1 branch of the dungeon, and saw 5 of its levels.
You also visited: Ossuary.

You collected 244 gold pieces.

Inventory:

Armour
 a - a +0 animal skin (worn)
 y - a +0 cloak (worn)
Jewellery
 m - a +6 ring of strength (left hand)
 o - a +6 ring of strength
 r - a +6 ring of intelligence
 z - a ring of protection from cold
 B - a ring of resist corrosion
Wands
 s - a wand of polymorph (7)
 u - a wand of flame (18)
Scrolls
 e - a scroll of silence {unknown}
 g - a scroll of blinking {unknown}
 h - a scroll of enchant armour {unknown}
 i - 2 scrolls of identify
 n - a scroll of poison {unknown}
 p - a scroll of butterflies {unknown}
 q - 3 scrolls of teleportation {unknown}
 v - a scroll of immolation {unknown}
 w - a scroll of fog {unknown}
 x - a scroll of amnesia {unknown}
 A - a scroll of brand weapon {unknown}
Potions
 b - a potion of mutation
 c - a potion of attraction
 d - a potion of magic {unknown}
 f - 3 potions of degeneration {unknown}
 j - 2 potions of curing
 k - a potion of heal wounds {unknown}
 l - a potion of lignification {unknown}
 t - a potion of cancellation {unknown}


   Skills:
 + Level 5.0 Fighting
 - Level 2.4 Armour
 - Level 1.3 Dodging
 * Level 6.6 Unarmed Combat


You had 6 spell levels left.
You didn't know any spells.
Your spell library contained the following spells:

 Spells                   Type           Power      Damage    Failure   Level
 Necrotise                Necr           0%         1d4       43%         1
 Vampiric Draining        Necr           0%         2d6       80%         3
 Agony                    Necr           0%         N/A       100%        5


Dungeon Overview and Level Annotations

Branches:
Dungeon (5/15)             Temple (0/1) D:5         Ossuary (1/1)

Altars:

Shops:
D:5 !


Innate Abilities, Weirdness & Mutations

You are completely covered in rugged brown scales. (AC +3, +7% HP)
Armour fits poorly on your strangely shaped body.
You have a long armoured tail.
You roll when moving toward enemies. (Rampage)
Your long tongue fully drains potion bottles. (2x potion effects)
Your tongue gives you trouble enunciating. (1.5x scroll delay)


Message History

It was a potion of attraction.
You feel attractive to monsters. The hound zombie barely misses you.
The kobold zombie closely misses you. The gnoll zombie hits you.
The human zombie barely misses you. The human zombie hits you.
* * * LOW HITPOINT WARNING * * *
The orc zombie completely misses you. The hound zombie barely misses you.
The human zombie hits you.
* * * LOW HITPOINT WARNING * * *
The hobgoblin zombie barely misses you. The gnoll zombie barely misses you.
The human zombie closely misses you. The kobold zombie hits you.
* * * LOW HITPOINT WARNING * * *
The human zombie closely misses you.
You slurp down every last drop of the 3 potions of curing!
You feel better. The hound zombie bites you. The orc zombie closely misses you.
The hobgoblin zombie misses you. The human zombie barely misses you.
The gnoll zombie hits you.
* * * LOW HITPOINT WARNING * * *
The kobold zombie hits you but does no damage.
The human zombie hits you.
* * * LOW HITPOINT WARNING * * *
The human zombie hits you.
* * * LOW HITPOINT WARNING * * *
The hound zombie bites you but does no damage.
As you slowly read the scroll labelled XAMOROACOTA, it crumbles to dust.
It is a scroll of identify.
b - a potion of mutation The hound zombie bites you.
* * * LOW HITPOINT WARNING * * *
The orc zombie hits you but does no damage.
The hound zombie barely misses you.
The kobold zombie completely misses you.
The hobgoblin zombie hits you.
* * * LOW HITPOINT WARNING * * *
The human zombie hits you.
* * * LOW HITPOINT WARNING * * *
The human zombie hits you.
* * * LOW HITPOINT WARNING * * *
The human zombie hits you.
You die...

................
#...............
##...............
.................
.................
.................
.......ZZ∩.......
......ZZZZ.......
......Z@ZZ.......
......ZZZ........
.................
##...............
#...............
.................
................
.......#####...


You could see a rat zombie, a hound zombie, a hobgoblin zombie, a gnoll zombie,
2 kobold zombies, 2 orc zombies and 4 human zombies.

Vanquished Creatures
  An ogre (D:5)
  2 scorpions (D:4)
  A howler monkey (D:4)
  3 hounds (D:4)
  An orc priest (D:5)
  Jessica (D:3)
  An iguana (D:4)
  Ijyb (D:3)
  Terence (D:3)
  4 gnolls (D:3)
  8 adders
  4 worms
  10 orcs
  7 bats
  7 endoplasms
  A giant cockroach (D:4)
  9 goblins
  10 hobgoblins
  2 jackals (D:4)
  5 quokkas
  4 ball pythons
  A frilled lizard (D:1)
  7 kobolds
  7 rats
98 creatures vanquished.

Notes
Turn   | Place    | Note
-------+----------+-------------------------------------------
     0 | D:1      | ASSMAN the Armataur Berserker began the quest for the Orb.
     0 | D:1      | Reached XP level 1. HP: 19/19 MP: 1/1
   134 | D:1      | Reached skill level 3 in Unarmed Combat
   137 | D:1      | You fall into a shaft and drop 1 floor!
   147 | D:2      | Reached XP level 2. HP: 26/26 MP: 2/2
   258 | D:1      | Found a faded altar of an unknown god.
   800 | D:2      | Reached XP level 3. HP: 21/33 MP: 3/3
  1061 | D:2      | Reached ** piety under Trog
  1251 | D:2      | Reached skill level 4 in Unarmed Combat
  1360 | D:2      | Reached XP level 4. HP: 40/40 MP: 4/4
  1832 | D:3      | HP: 1/40 [gnoll/+0 halberd (13)]
  1876 | D:3      | Noticed Ijyb
  2095 | D:3      | Killed Ijyb
  2096 | D:3      | Reached XP level 5. HP: 49/49 MP: 5/5
  2187 | D:3      | Noticed Jessica
  2198 | D:3      | Killed Jessica
  2301 | D:3      | Noticed Terence
  2313 | D:3      | Killed Terence
  2314 | D:3      | Reached skill level 5 in Unarmed Combat
  2783 | D:4      | Reached XP level 6. HP: 55/55 MP: 6/6
  3028 | D:4      | Reached skill level 6 in Unarmed Combat
  3082 | D:4      | Reached *** piety under Trog
  3170 | D:4      | Reached XP level 7. HP: 58/64 MP: 7/7
  3748 | D:5      | Entered Level 5 of the Dungeon
  3748 | D:5      | Found Celaaczo's Distillery.
  3800 | D:5      | Found a staircase to the Ecumenical Temple.
  3808 | D:5      | Reached skill level 5 in Fighting
  3817 | D:5      | Found a sand-covered staircase.
  3822 | Ossuary  | Entered an ossuary
  3838 | Ossuary  | Slain by a human zombie

Illustrated notes

Levels and vault maps discovered:
D:1:      scummos_arrival_simple_crosswalls, layout_loops_ring,
          shapermc_ecumenical_altar_starsandcircs, dk_noncrumbling_4
D:2:      layout_loops_ring, kennysheep_cross_room, kennysheep_nondescript
D:3:      layout_basic, uniq_jessica, uniq_ijyb, uniq_terence
D:4:      layout_gridville
D:5:      layout_rooms, minmay_temple_entry_proselytizer, enter_ossuary_5,
          serial_shops, nicolae_shop_waterfront
Ossuary:  ossuary_minmay_tomb_2a

Skill      XL: |  1  2  3  4  5  6  7 |
---------------+----------------------+-----
Unarmed Combat | 3 4 5 6 |  6.6
Fighting       | 3 4 5 |  5.0
Armour         | |  2.4
Dodging        | |  1.3

Action                     |  1- 3 |  4- 6 |  7- 9 || total
---------------------------+-------+-------+-------++-------
  Melee: Unarmed           |    89 |   161 |    45 ||   295
         Tailslap          |    14 |    13 |     6 ||    33
         Punch             |     2 |     7 |     1 ||    10
 Invoke: Berserk           |     1 |     6 |     1 ||     8
         Trog's Hand       |       |       |     1 ||     1
    Use: Potion            |       |       |     3 ||     3
         Scroll            |       |       |     1 ||     1
   Stab: Sleeping          |     1 |       |       ||     1
 Armour: Animal skin       |    18 |    55 |    51 ||   124
  Dodge: Dodged            |    39 |   102 |    70 ||   211

Table legend: (Time is in decaauts)
 A = Elapsed time spent in this place.
 B = Non-inter-level travel time spent in this place.
 C = Inter-level travel time spent in this place.
 D = Time resting spent in this place.
 E = Time spent auto-exploring this place.
 F = Levels seen in this place.
 G = Mean time per level.
                   A        B        C        D        E       F      G
               +--------+--------+--------+--------+--------+-----+--------+
         Total |   3853 |   3735 |    118 |    403 |   2773 |   6 |  642.2 |
       Dungeon |   3832 |   3714 |    118 |    403 |   2773 |   5 |  766.4 |
       Ossuary |     21 |     21 |      0 |      0 |      0 |   1 |   21.0 |
               +--------+--------+--------+--------+--------+-----+--------+

Top non-repeatable levels by time:
     D:2: 1248 daAuts
     D:4: 976 daAuts
     D:3: 823 daAuts
     D:1: 710 daAuts
     D:5: 72 daAuts
 Ossuary: 21 daAuts
